 Dungeon Crawl Stone Soup version 0.21-a0-94-gdd6ab6a (webtiles) character file.

3572 Kidiri the Thaumaturge (level 9, -5/50 HPs)
             Began as a Deep Elf Fire Elementalist on July 2, 2017.
             Killed from afar by a steam dragon (16 damage)
             ... with a ball of steam
             ... on level 8 of the Dungeon.
             The game lasted 00:34:43 (9452 turns).

Kidiri the Thaumaturge (Deep Elf Fire Elementalist) Turns: 9452, Time: 00:34:44

Health: -5/50      AC:  4    Str: 11    XL:     9   Next: 84%
Magic:  19/26      EV: 14    Int: 35    God:
Gold:   190        SH:  7    Dex: 12    Spells: 13/31 levels left

rFire    . . .     SeeInvis +   C - +5 short sword of Watchfulness {flame, rElec rPois MR+ Dex-3}
rCold    . . .     Gourm    .   s - +3 buckler
rNeg     . . .     Faith    .   a - +1 robe
rPois    +         Spirit   .   z - +1 hat
rElec    +         Reflect  .   (no cloak)
rCorr    .         Harm     .   (no gloves)
MR       +....     Rnd*Tele +   (no boots)
Stlth    ++........             A - amulet "Ubyadita" {RegenMP Fragile Str+6 Int+9 SInv}
HPRegen  0.16/turn              (no ring)
MPRegen  0.45/turn              (no ring)

@: very slightly contaminated
A: clever 1, poison resistance, teleportitis 1
a: no special abilities


You were on level 8 of the Dungeon.
You were very full.

You visited 2 branches of the dungeon, and saw 9 of its levels.

You collected 454 gold pieces.
You spent 264 gold pieces at shops.

Inventory:

Hand Weapons
 C - the +5 short sword of Watchfulness (weapon) {flame, rElec rPois MR+ Dex-3}
   (You bought it in a shop on level 6 of the Dungeon)

   It has been specially enchanted to burn those struck by it, causing extra
   injury to most foes and up to half again as much damage against particularly
   susceptible opponents.
   It affects your dexterity (-3).
   It insulates you from electricity.
   It protects you from poison.
   It affects your resistance to hostile enchantments.
Armour
 a - a +1 robe (worn)
 s - a +3 buckler (worn)
 z - a +1 hat (worn)
Jewellery
 A - the amulet "Ubyadita" (around neck) {RegenMP Fragile Str+6 Int+9 SInv}
   (You acquired it on level 5 of the Dungeon)

   [amulet of magic regeneration]

   It increases your magic regeneration.
   It affects your strength (+6).
   It affects your intelligence (+9).
   It lets you see invisible.
   It will be destroyed if unequipped.
Wands
 l - a wand of scattershot (3/9)
 r - a wand of confusion (28/48)
 u - a wand of lightning (9/15)
 y - a wand of flame (17/48)
 E - a wand of digging (15/24)
Scrolls
 h - 2 scrolls of recharging
 j - a scroll of amnesia
 k - a scroll of magic mapping
 w - a scroll of teleportation
 x - 2 scrolls of remove curse
 F - a scroll of fear
Potions
 d - a potion of haste
 e - 2 potions of heal wounds {unknown}
 f - 3 potions of lignification
 g - 2 potions of mutation
 m - 3 potions of curing
 p - 2 potions of resistance
 q - a potion of berserk rage
 t - 3 potions of agility
 v - 3 potions of might
 B - 2 potions of flight
Books
 b - a book of Flames

   Spells                             Type                      Level
   a - Flame Tongue                   Conjuration/Fire             1
   b - Throw Flame                    Conjuration/Fire             2
   c - Conjure Flame                  Conjuration/Fire             3
   d - Inner Flame                    Hexes/Fire                   3
   e - Sticky Flame                   Conjuration/Fire             4
   f - Fireball                       Conjuration/Fire             5
 D - a book of Necromancy

   Spells                             Type                      Level
   a - Pain                           Necromancy                   1
   b - Animate Skeleton               Necromancy                   1
   c - Vampiric Draining              Necromancy                   3
   d - Regeneration                   Charms/Necromancy            3
   e - Animate Dead                   Necromancy                   4
   f - Control Undead                 Necromancy                   4
Comestibles
 c - 5 bread rations
 i - 4 chunks of flesh
 o - 3 meat rations


   Skills:
 + Level 3.0 Fighting
 + Level 3.2 Short Blades
 + Level 3.4 Armour
 + Level 4.7 Dodging
 - Level 2.4 Stealth
 + Level 2.6 Shields
 * Level 11.8 Spellcasting
 + Level 6.5 Conjurations
 + Level 7.3 Fire Magic


You had 13 spell levels left.
You knew the following spells:

 Your Spells              Type           Power        Failure   Level  Hunger
a - Flame Tongue          Conj/Fire      #####        1%          1    None
b - Throw Flame           Conj/Fire      ######       1%          2    None
c - Conjure Flame         Conj/Fire      ######..     1%          3    None
d - Inner Flame           Hex/Fire       #####...     1%          3    None
e - Sticky Flame          Conj/Fire      ######..     1%          4    None
f - Fireball              Conj/Fire      ######....   3%          5    None


Dungeon Overview and Level Annotations

Branches:
Dungeon (8/15)             Temple (1/1) D:6
   Lair: D:8-11

Altars:
Ashenzari
Cheibriados
Dithmenos
Fedhas
Hepliaklqana
Nemelex Xobeh
Qazlal
Ru
Sif Muna
Trog
Uskayaw
Wu Jian
Xom
Yredelemnul
Zin
The Shining One

Shops:
D:6 *((


Innate Abilities, Weirdness & Mutations

Your mind is acute. (Int +2)
Your system is resistant to poisons. (rPois)
You are occasionally teleported next to monsters.


Message History

You miscast Sticky Flame.
You are very lightly contaminated with residual magic.
You smell something strange.
You are engulfed in a cloud of scalding steam.
You block the steam dragon's attack. The steam dragon claws you.
Unknown command.
Casting: Sticky Flame
Confirm with . or Enter, or press ? or * to list all spells.
Aiming: Sticky Flame
Press: ? - help, Shift-Dir - straight line, f/p - steam dragon
Aim: a steam dragon (lightly wounded, catching its breath)
The sticky flame hits the steam dragon.
The steam dragon is heavily wounded.
The steam dragon is covered in liquid flames!
You are engulfed in a cloud of scalding steam.
* * * LOW HITPOINT WARNING * * *
The steam dragon burns!
The steam dragon breathes steam at you. The ball of steam hits you!
You die...

# .. ...
....
####.....
#ยง.....Z.
#.# #@#
#D# #.#
#.# #.#
#.# #.#
#.#


You could see a steam dragon (burning).

Vanquished Creatures
  Pikel (D:6)
  Joseph (D:7)
  Eustachio (D:6)
  The ghost of protoss039 the Conjurer, an amateur DECj (D:4)
  5 orc warriors
  A hornet zombie (D:7)
  2 phantoms
  An ice beast (D:5)
  3 slaves (D:6)
  Blork the orc (D:6)
  2 bullfrogs
  A gnoll sergeant (D:3)
  A scorpion (D:3)
  2 electric eels (D:5)
  2 howler monkeys (D:5)
  A bullfrog zombie (D:5)
  A crimson imp (Temple)
  3 hounds
  A bullfrog skeleton (D:5)
  A centaur skeleton (D:7)
  3 gnoll shamans
  2 orc priests
  3 orc wizards
  5 worker ants
  A killer bee zombie (D:5)
  A hound skeleton (D:5)
  A hound zombie (D:5)
  A worker ant zombie (D:5)
  37 gnolls
  13 adders
  A shadow imp (D:6)
  An ooze (D:6)
  An adder skeleton (D:5)
  A worm (D:3)
  A dart slug (D:3)
  5 leopard geckos
  15 orcs
  2 ball pythons
  2 bats (D:1)
  7 giant cockroaches
  8 goblins
  10 hobgoblins
  20 jackals
  5 quokkas
  6 frilled lizards
  6 kobolds
  3 quokka skeletons
  8 rats
201 creatures vanquished.

Vanquished Creatures (others)
  A bullfrog (D:6)
  A hound skeleton (D:6)
  An orc (D:6)
3 creatures vanquished.

Grand Total: 204 creatures vanquished

Notes
Turn   | Place    | Note
-------+----------+-------------------------------------------
     0 | D:1      | Kidiri the Deep Elf Fire Elementalist began the quest for the Orb.
     0 | D:1      | Reached XP level 1. HP: 10/10 MP: 6/6
   342 | D:1      | Reached XP level 2. HP: 15/15 MP: 3/8
   346 | D:1      | Learned a level 2 spell: Throw Flame
   647 | D:2      | Reached skill level 9 in Spellcasting
   647 | D:2      | Reached skill level 5 in Conjurations
   647 | D:2      | Reached XP level 3. HP: 19/19 MP: 8/15
   652 | D:2      | Learned a level 3 spell: Conjure Flame
   656 | D:2      | Learned a level 3 spell: Inner Flame
  1158 | D:2      | Reached XP level 4. HP: 15/24 MP: 10/17
  1165 | D:2      | Learned a level 4 spell: Sticky Flame
  1754 | D:1      | Gained mutation: You are occasionally teleported next to monsters. [potion of mutation]
  1754 | D:1      | Gained mutation: Your mind is acute. (Int +2) [potion of mutation]
  1754 | D:1      | Gained mutation: Your system is resistant to poisons. (rPois) [potion of mutation]
  1882 | D:3      | Reached XP level 5. HP: 27/28 MP: 12/18
  1889 | D:3      | Learned a level 5 spell: Fireball
  2572 | D:3      | Reached skill level 1 in Armour
  2572 | D:3      | Reached XP level 6. HP: 33/33 MP: 2/20
  2891 | D:3      | Reached skill level 1 in Fighting
  2950 | D:3      | Reached skill level 1 in Short Blades
  3001 | D:3      | Reached XP level 7. HP: 17/38 MP: 4/22
  3301 | D:3      | Reached skill level 10 in Spellcasting
  3713 | D:4      | Noticed protoss039's ghost (amateur DECj)
  3724 | D:4      | Killed protoss039's ghost
  4473 | D:4      | Reached skill level 1 in Shields
  4686 | D:5      | Entered Level 5 of the Dungeon
  4727 | D:5      | Found a transporter.
  4729 | D:5      | Found a transporter.
  4794 | D:5      | Reached XP level 8. HP: 41/44 MP: 17/24
  5621 | D:5      | Identified a scroll of acquirement
  5622 | D:5      | Got a sparkling golden amulet
  5623 | D:5      | Identified the amulet "Ubyadita" {RegenMP Fragile Str+6 Int+9 SInv} (You acquired it on level 5 of the Dungeon)
  5766 | D:6      | Found Fyitam's Antique Weapon Emporium.
  6433 | D:6      | Found Lopanute's Weapon Shop.
  6438 | D:6      | Found Hiyrauq's Assorted Antiques.
  6473 | D:6      | Noticed Blork the orc
  6481 | D:6      | Killed Blork the orc
  6607 | D:6      | Noticed Pikel
  6627 | D:6      | Killed Pikel
  6627 | D:6      | Reached skill level 11 in Spellcasting
  6627 | D:6      | Reached XP level 9. HP: 46/49 MP: 9/26
  6779 | D:6      | Found a staircase to the Ecumenical Temple.
  6801 | Temple   | Entered the Ecumenical Temple
  7050 | D:6      | Noticed Eustachio
  7202 | D:6      | Bought a bloodstained short sword for 264 gold pieces
  7202 | D:6      | Identified the +5 short sword of Watchfulness {flame, rElec rPois MR+ Dex-3} (You bought it in a shop on level 6 of the Dungeon)
  7266 | D:6      | Killed Eustachio
  7841 | D:7      | Noticed Joseph
  8997 | D:7      | Killed Joseph
  9452 | D:8      | Killed from afar by a steam dragon

Vault maps used:
D:1:      dpeg_arrival_long_road
D:2:      grunt_ministairs_4
D:3:      lemuel_castle_with_subvaults, first_bread
D:5:      gammafunk_steamed_eel, st_stairs_4
D:6:      minmay_temple_entry_junction, serial_shops, nicolae_shop_crystal,
          shop, shop, uniq_blork_the_orc, uniq_eustachio, uniq_pikel
D:7:      uniq_joseph
D:8:      elyvilon_altar_5, minmay_overflow_temple_star_hex
Temple:   nicolae_temple_elliptical

Skill      XL: |  1  2  3  4  5  6  7  8  9 |
---------------+----------------------------+-----
Spellcasting   | 9 10 11 | 11.8
Conjurations   | 5 6 |  6.5
Fire Magic     | 6 7 |  7.3
Armour         | 1 2 3 |  3.4
Fighting       | 1 2 3 |  3.0
Short Blades   | 1 2 3 |  3.2
Dodging        | 3 4 |  4.7
Shields        | 1 2 |  2.6
Stealth        | |  2.4

Action                   |  1- 3 |  4- 6 |  7- 9 || total
-------------------------+-------+-------+-------++-------
Melee: Dagger            |    29 |    33 |    92 ||   154
       Short sword       |       |       |    53 ||    53
 Cast: Flame Tongue      |    39 |    90 |   155 ||   284
       Throw Flame       |       |    11 |    17 ||    28
       Sticky Flame      |       |     4 |    28 ||    32
       Conjure Flame     |       |     4 |     6 ||    10
       Fireball          |       |     1 |     6 ||     7
       Inner Flame       |       |       |     4 ||     4
  Use: Scroll            |     5 |     1 |    18 ||    24
       Potion            |     1 |     1 |       ||     2
 Stab: Sleeping          |     3 |     5 |     4 ||    12
       Distracted        |       |     2 |       ||     2
  Eat: Chunk             |     1 |     6 |    17 ||    24
       Fruit             |       |       |     8 ||     8
       Royal jelly       |       |       |     1 ||     1
Armor: Robe              |     4 |     5 |    26 ||    35
Dodge: Dodged            |    38 |    41 |   118 ||   197
Block: Buckler           |       |       |    38 ||    38
